[Event "Vastgota Open 2022"]
[Site "Skara"]
[Date "2022.10.29"]
[Round "3.8"]
[White "Lind, Jan-Olov"]
[Black "Bjorklund, Thomas"]
[Result "1-0"]
[WhiteElo "2123"]
[BlackElo "2122"]
[ECO "C44"]
[TimeControl "30 minutes + 10 seconds per move from move one."]
[WhiteFideId "1701193"]
[BlackFideId "1724576"]

1.e4 e5 2.Nf3 Nc6 3.d4 exd4 4.c3 dxc3 5.Nxc3 d6 6.Bc4 Be7 7.Qb3 Be6 8.Bxe6
fxe6 9.Qxb7 Na5 10.Qa6 c5 11.e5 Qb6 12.Qb5+ Nc6 13.exd6 Bxd6 14.O-O O-O-O 
15.Qc4 Re8 16.Ne4 Bf8 17.Be3 Nf6 18.Bxc5 Bxc5 19.Nxc5 Kb8 20.b4 e5 21.Ng5 
Ka8 22.a3 Re7 23.Nge4 Nd4 24.Rfe1 Rd8 25.Rac1 Nd5 26.Nc3 Nxc3 27.Qxc3 Qb5 
28.Qe3 Kb8 29.a4 Qb6 30.b5 e4 31.Na6+ Ka8 32.Qg5 Qf6 33.Qd5+ Rb7 34.Qxe4 
Nb3 35.Rc7 Na5 36.Rec1 Qd6 37.Rc8+ Qb8 38.Rxb8+ Rxb8 39.Nc7# 1-0

[Event "Vastgota Open 2022"]
[Site "Skara"]
[Date "2022.10.30"]
[Round "8.8"]
[White "Johnson, Daniel"]
[Black "Eriksson, Magnus"]
[Result "1-0"]
[WhiteElo "2155"]
[BlackElo "1766"]
[ECO "E35"]
[TimeControl "30 minutes + 10 seconds per move from move one."]
[WhiteFideId "1721283"]
[BlackFideId "1709941"]

1.d4 Nf6 2.c4 e6 3.Nc3 Bb4 4.Qc2 d5 5.cxd5 exd5 6.Bg5 O-O 7.e3 h6 8.Bh4 c6
9.Bd3 Nbd7 10.Ne2 Be7 11.O-O b6 12.f3 Bb7 13.Bf2 Rc8 14.Rad1 c5 15.Qd2 
cxd4 16.exd4 Bd6 17.Bg3 Nb8 18.Bf5 Rc6 19.Rfe1 Bxg3 20.Nxg3 Re8 21.Rxe8+ 
Nxe8 22.Re1 Nf6 23.Nce2 Rc7 24.Nf4 Re7 25.Rxe7 Qxe7 26.Bc2 Bc8 27.Qc3 Qd8 
28.Nd3 Be6 29.Ne5 Qc8 30.Qd3 Nc6 31.Nxc6 Qxc6 32.b3 g6 33.h4 Qc7 34.Kf2 
Qf4 35.Ne2 Ng4+ 36.Ke1 Qh2 37.fxg4 Qxh4+ 38.Qg3 Qg5 39.Qb8+ Kh7 40.Qf4 
Qh4+ 41.Kd2 Qxg4 42.Qxg4 Bxg4 43.Nf4 h5 44.Nxd5 Kg7 45.Bd1 Bd7 46.Ke3 f6 
47.Nc3 h4 48.d5 g5 49.Be2 f5 50.Bb5 f4+ 51.Kf3 h3 52.gxh3 Bxh3 53.Ne4 Kh6 
54.Be8 Bf1 1-0

[Event "Vastgota Open 2022"]
[Site "Skara"]
[Date "2022.10.30"]
[Round "9.5"]
[White "Madebrink, Lars"]
[Black "Nilsson, Patrik"]
[Result "1-0"]
[WhiteElo "2094"]
[BlackElo "2085"]
[ECO "A81"]
[TimeControl "30 minutes + 10 seconds per move from move one."]
[WhiteFideId "1701347"]
[BlackFideId "1708171"]

1.d4 f5 2.Nf3 Nf6 3.g3 g6 4.Bg2 Bg7 5.b3 O-O 6.Bb2 d6 7.O-O Ne4 8.Nbd2 Nc6
9.e3 e5 10.dxe5 Nxd2 11.Qxd2 dxe5 12.Qe2 Qe7 13.Rad1 e4 14.Nd4 Ne5 15.Ba1 
a6 16.c4 c5 17.Nc2 Be6 18.Rd2 Rfd8 19.Rfd1 Kf7 20.Ne1 Ke8 21.Bxe5 Bxe5 22.
f3 exf3 23.Qxf3 Bc3 24.Rxd8+ Rxd8 25.Nc2 b5 26.Qc6+ Kf7 27.Rxd8 Qxd8 28.
Bd5 Qe7 29.cxb5 axb5 30.Bxe6+ Qxe6 31.Qxc5 b4 32.Kf2 Qe4 33.Qc4+ Qxc4 34.
bxc4 g5 35.Ke2 h5 36.Kd3 Be5 37.Nxb4 g4 38.Nd5 h4 39.Nf4 h3 40.c5 Bb2 41.
a4 Ke7 42.Kc4 Kd7 43.Kd5 Bc1 44.c6+ Kc8 45.Ke6 Bxe3 46.Kxf5 Bg1 47.Kxg4 
Bxh2 48.Kxh3 Bxg3 49.Kxg3 Kc7 50.Nd5+ Kxc6 51.Nc3 1-0

[Event "Vastgota Open 2022"]
[Site "Skara"]
[Date "2022.10.30"]
[Round "9.8"]
[White "Blauhut, Holger"]
[Black "Kleimark, Anders"]
[Result "1-0"]
[WhiteElo "2037"]
[BlackElo "2048"]
[ECO "B51"]
[TimeControl "30 minutes + 10 seconds per move from move one."]
[WhiteTitle "CM"]
[WhiteFideId "24665177"]
[BlackFideId "1709968"]

1.e4 c5 2.Nf3 d6 3.Bb5+ Nd7 4.d4 Nf6 5.Nc3 cxd4 6.Qxd4 a6 7.Be2 g6 8.O-O 
Bg7 9.Rd1 O-O 10.e5 dxe5 11.Nxe5 Qa5 12.Nc4 Qd8 13.Bf3 Rb8 14.Qh4 b5 15.
Bf4 bxc4 16.Bxb8 Qb6 17.Bg3 Qxb2 18.Qxc4 Nb6 19.Qb3 Qxb3 20.cxb3 Ng4 21.
Rac1 Bh6 22.Rc2 Bf5 23.Re2 Rc8 24.Ne4 a5 25.h3 Bxe4 26.Rxe4 Nf6 27.Rxe7 
Bf8 28.Rc7 Re8 29.Rc6 Nbd7 30.Bd6 Bg7 31.Bc7 a4 32.bxa4 h5 33.a5 Ne5 34.
Bxe5 Rxe5 35.a6 Ra5 36.Rdd6 Nh7 37.Bd5 Ng5 38.h4 Nh7 39.Bc4 Bf8 40.Rd7 Ra4
41.Bxf7+ Kh8 42.Bxg6 Bg7 43.Bxh7 Kxh7 44.Rcc7 Rxa2 45.Rxg7+ Kh8 46.Rge7 
1-0